[Event "*** Titled Tuesday Blitz"]
[Site "Chess.com"]
[Date "2020.05.12"]
[Round "3"]
[White "aa175"]
[Black "Egor_Pakhomov"]
[Result "0-1"]
[WhiteElo "2398"]
[BlackElo "2628"]
[TimeControl "180+1"]
[EndTime "10:26:59 PDT"]
[Termination "Egor_Pakhomov won on time"]

1. d4 d5 2. Bf4 e6 3. e3 Nf6 4. Nf3 Bd6 5. Nbd2 c5 6. c3 Bxf4 7. exf4 cxd4 8. Nxd4 Nc6 9. N2f3 O-O 10. Bd3 Nxd4 11. Nxd4 Qd6 12. g3 e5 13. fxe5 Re8 14.
f4 Ng4 15. O-O Qh6 16. Qc2 Ne3 17. Qd2 Nxf1 18. Rxf1 Rxe5 19. Qg2 Bh3 20. Qxh3 Qxh3 21. fxe5 Re8 22. Re1 Qh5 23. e6 fxe6 24. Nxe6 Qg4 25. Kg2 Rxe6 26. h3 Rxe1 27. hxg4 Ra1 28. Kf3 Rxa2 29. b4 Ra3 30. Bf5 Rxc3+ 31. Kf4 Kf7 32. g5 Ke7 33. Ke5 g6 34. Be4 Rxg3 35. Bxd5 Rxg5+ 36. Kd4 Rxd5+ 37. Ke4 Rb5 38. Kd4 Rxb4+ 39. Kc5 Rb6 40.
Kd5 Rc6 41. Ke5 g5 42. Ke4 h5 43. Kf5 Rc5+ 44. Ke4 b6 0-1

[Event "*** Titled Tuesday Blitz"]
[Site "Chess.com"]
[Date "2020.05.12"]
[Round "3"]
[White "Opening_Prep"]
[Black "luizwas"]
[Result "1-0"]
[WhiteElo "2347"]
[BlackElo "1731"]
[TimeControl "180+1"]
[EndTime "10:26:59 PDT"]
[Termination "Opening_Prep won by checkmate"]

1. d4 e6 2. Nc3 f5 3. e4 fxe4 4.
Nxe4 Nf6 5. Bd3 Nc6 6. c3 Be7 7. Nxf6+ Bxf6 8. Qh5+ Kf8 9. Nf3 Qe7 10. O-O Qf7 11.
Qxf7+ Kxf7 12. Bf4 d6 13. Rfe1 h6 14. Bg3 Bd7 15. Re2 Rae8 16. Rae1 g5 17. Bc4 d5 18. Bd3 g4 19. Ne5+ Nxe5 20. Bxe5 Bxe5 21. Rxe5 h5 22. f3 gxf3 23. Rf1 Ke7 24. Rxf3 Ref8 25.
Rxf8 Kxf8 26. h4 Ke7 27. Be2 Be8 28. Bf3 c6 29. Kf2 Kd6 30. Ke3 Bf7 31. Rg5 Rh7 32. Kf4 a5 33. Be2 b6 34. Bd3 Rh8 35. Rg7 Rf8 36.
Kg5 Be8 37. Bg6 Bxg6 38. Rxg6 Rf2 39. Kxh5 Rxb2 40. Kh6 Rxa2 41. Kg7 Rf2 42. h5 a4 43. h6 a3 44. h7 Rf1 45. h8=Q a2 46. Qd8# 1-0

[Event "*** Titled Tuesday Blitz"]
[Site "Chess.com"]
[Date "2020.05.12"]
[Round "3"]
[White "Gabrielian_Artur"]
[Black "amiralfio"]
[Result "1-0"]
[WhiteElo "2714"]
[BlackElo "2457"]
[TimeControl "180+1"]
[EndTime "10:27:00 PDT"]
[Termination "Gabrielian_Artur won by resignation"]

1. e4 c6 2. d4 g6 3. Nc3 d5 4. e5 Bg7 5. f4 Nh6 6. Nf3 Bg4 7. Be2 e6 8. O-O O-O 9. Be3 Nf5 10. Bf2 Nd7 11.
Ng5 Bxe2 12. Nxe2 h5 13. h3 Bh6 14. g4 Ng7 15. Nf3 hxg4 16. hxg4 g5 17. Kg2 gxf4 18. Bh4 f6 19. Qd3 Qe8 20. Rh1 fxe5 21. dxe5 Nc5 22. Qa3 Qg6 23. Qxc5 Qxg4+ 24. Kf2 1-0

[Event "*** Titled Tuesday Blitz"]
[Site "Chess.com"]
[Date "2020.05.12"]
[Round "3"]
[White "pheonixking2000"]
[Black "harvsp123"]
[Result "1-0"]
[WhiteElo "2818"]
[BlackElo "2524"]
[TimeControl "180+1"]
[EndTime "10:27:01 PDT"]
[Termination "pheonixking2000 won by resignation"]

1. Nf3 d5 2. d4 Nf6 3. Bf4 e6 4.
Nbd2 c5 5. e3 Qb6 6. Rb1 Bd6 7.
dxc5 Qxc5 8. b4 Qc7 9. Bxd6 Qxd6 10. c4 O-O 11. Bd3 Nc6 12. a3 b6 13. O-O Bb7 14. Qe2 Ne5 15. Nxe5 Qxe5 16. Rfc1 Rac8 17. c5 bxc5 18.
bxc5 Ba8 19. Ba6 Rc7 20. Nf3 Qh5 21. Qb5 h6 22. Qa5 Re7 23. c6 e5 24. c7 e4 25.
c8=Q Rxc8 26. Rxc8+ Kh7 27. Nd4 Re5 28. Be2 Qh4 29. Rxa8 Rg5 30. Qc7 1-0

[Event "*** Titled Tuesday Blitz"]
[Site "Chess.com"]
[Date "2020.05.12"]
[Round "3"]
[White "Artem_Sadovsky"]
[Black "GMJustin"]
[Result "1-0"]
[WhiteElo "2538"]
[BlackElo "2338"]
[TimeControl "180+1"]
[EndTime "10:27:01 PDT"]
[Termination "Artem_Sadovsky won on time"]

1. Nf3 Nf6 2. g3 b5 3. Bg2 Bb7 4. O-O c5 5. a4 b4 6. d3 d6 7.
Nbd2 g6 8. e4 Bg7 9. Nc4 O-O 10.
e5 dxe5 11. Nfxe5 Bxg2 12. Kxg2 Qd5+ 13. Qf3 Qxf3+ 14. Nxf3 Nbd7 15. Re1 Nd5 16. a5 Rfe8 17. a6 e5 18. Ra5 f5 19. Nfd2 Re6 20. Nb3 Rc8 21.
Bd2 Rcc6 22. Rea1 e4 23. Rb5 exd3 24. cxd3 Rxa6 25. Rxa6 Rxa6 26. Nxc5 N7b6 27. Nxa6 1-0

[Event "*** Titled Tuesday Blitz"]
[Site "Chess.com"]
[Date "2020.05.12"]
[Round "3"]
[White "MateSchmate"]
[Black "Y0ung_Capablanca"]
[Result "0-1"]
[WhiteElo "2413"]
[BlackElo "2709"]
[TimeControl "180+1"]
[EndTime "10:27:04 PDT"]
[Termination "Y0ung_Capablanca won by resignation"]

1. e4 c6 2. Bc4 d5 3. Bb3 dxe4 4. Qh5 g6 5. Qh4 Nf6 6. Nc3 Bf5 7. f3 exf3 8. Nxf3 Bg7 9. O-O e6 10. d4 Nd5 11.
Bg5 Qb6 12. Nxd5 cxd5 13. Bf6 O-O 14. Bxg7 Kxg7 15. c3 Nd7 16. Rae1 Qd8 17. Qxd8 Raxd8 18. h3 h6 19. Ba4 Nb6 20. Bb3 Bd3 21. Rf2 Bc4 22.
Ne5 Bxb3 23. axb3 Nd7 24. Nxd7 Rxd7 25. Ra1 a6 26. b4 Rc8 27. g4 f6 28. Re1 Re7 29.
Rfe2 Rce8 30. Kf2 e5 31. dxe5 Rxe5 32. Rxe5 Rxe5 33. Ra1 Kf7 34. Ra5 Ke6 35. Kf3 h5 36. Rc5 hxg4+ 37. hxg4 Kd7 38. b3 b6 0-1

[Event "*** Titled Tuesday Blitz"]
[Site "Chess.com"]
[Date "2020.05.12"]
[Round "3"]
[White "artooon"]
[Black "kakakz"]
[Result "1-0"]
[WhiteElo "2720"]
[BlackElo "2424"]
[TimeControl "180+1"]
[EndTime "10:27:07 PDT"]
[Termination "artooon won on time"]

1. e4 c5 2. Nf3 d6 3. d4 cxd4 4.
Nxd4 Nf6 5. Nc3 g6 6. Be3 Bg7 7. f3 O-O 8. Qd2 Nc6 9. O-O-O d5 10. exd5 Nxd5 11. Nxc6 bxc6 12. Bd4 Bxd4 13. Qxd4 Qb6 14. Na4 Qa5 15. b3 Qc7 16. Bc4 Rd8 17. Qc5 Be6 18. g3 Rab8 19. Rhe1 Qd6 20. f4 Bg4 21. Rd2 Qf6 22.
Qd4 Nb6 23. Qxf6 exf6 24. Rxd8+ Rxd8 25. Nxb6 axb6 26. Re7 Rd1+ 27. Kb2 b5 28. Bd3 Rd2 29. a4 bxa4 30. bxa4 c5 31. a5 Bd1 32. a6 c4 33.
a7 cxd3 34. a8=Q+ Kg7 35. Rc7 dxc2 36. Kc1 Rxh2 37. Qd5 Kh6 38. Qxf7 1-0

[Event "*** Titled Tuesday Blitz"]
[Site "Chess.com"]
[Date "2020.05.12"]
[Round "3"]
[White "TokChess"]
[Black "ameetghasi100"]
[Result "0-1"]
[WhiteElo "2417"]
[BlackElo "2730"]
[TimeControl "180+1"]
[EndTime "10:27:09 PDT"]
[Termination "ameetghasi100 won by resignation"]

1. d4 Nf6 2. Nf3 g6 3. Bf4 Bg7 4. e3 O-O 5. Be2 d6 6. O-O Nfd7 7. h3 e5 8. Bh2 Nc6 9. c4 exd4 10. exd4 Qf6 11. d5 Nd4 12. Nxd4 Qxd4 13. Nc3 a6 14. Qxd4 Bxd4 15. Rad1 Bg7 16. Bd3 Nc5 17. Bc2 Bd7 18.
Ne4 Nxe4 19. Bxe4 Rfe8 20. Bd3 a5 21. Rd2 Bh6 22. Rc2 b6 23. Bg3 Ba4 24. b3 Bd7 25. Rd1 Bg5 26. Kf1 a4 27. b4 a3 28. c5 Ba4 29.
cxd6 cxd6 30. Bxd6 Red8 31. Bc7 Rxd5 32. Be2 Rxd1+ 33. Bxd1 Bxc2 34. Bxc2 Rc8 0-1

[Event "*** Titled Tuesday Blitz"]
[Site "Chess.com"]
[Date "2020.05.12"]
[Round "3"]
[White "Luibov_AN"]
[Black "KaterinaMiroshnik"]
[Result "1-0"]
[WhiteElo "2127"]
[BlackElo "2455"]
[TimeControl "180+1"]
[EndTime "10:27:09 PDT"]
[Termination "Luibov_AN won by resignation"]

1. d4 e6 2. Nf3 d5 3. c4 Nf6 4. Nc3 Be7 5. e3 O-O 6. Qc2 b6 7. cxd5 exd5 8. g3 c5 9. Bg2 Nc6 10. O-O Be6 11. Rd1 c4 12. Qa4 Qc8 13.
Ne5 Nd8 14. e4 dxe4 15. Nxe4 Nxe4 16. Bxe4 Rb8 17. Qxa7 Bf6 18. Bf4 g5 19. Be3 b5 20.
f4 gxf4 21. Bxf4 Kh8 22. Qa3 Nb7 23. Qf3 Nd6 24. Bc2 Bg7 25. Nc6 Qc7 26. Nxb8 Rxb8 27. Qh5 f5 28. d5 Bf7 29. Bxd6 Bxh5 30. Bxc7 1-0

[Event "*** Titled Tuesday Blitz"]
[Site "Chess.com"]
[Date "2020.05.12"]
[Round "3"]
[White "reniite"]
[Black "MacDaddyMac"]
[Result "1/2-1/2"]
[WhiteElo "1916"]
[BlackElo "2272"]
[TimeControl "180+1"]
[EndTime "10:27:09 PDT"]
[Termination "Game drawn - insufficient material"]

1. e4 e5 2. d3 Nc6 3. g3 d6 4. Bg2 Nf6 5. Ne2 Be7 6. O-O O-O 7. h3 Bd7 8. Kh2 Qc8 9. Nbc3 Nd4 10. Be3 c5 11.
Nd5 Nxd5 12. exd5 f5 13. c3 Nxe2 14. Qxe2 f4 15. Bd2 f3 16. Bxf3 Bxh3 17. Bg2 Bxg2 18. Kxg2 h6 19. f4 Bf6 20. Rae1 exf4 21. Bxf4 Kh8 22. Qe6 Qd8 23. d4 cxd4 24. cxd4 Bxd4 25. Bxd6 Rxf1 26. Rxf1 Qg5 27. Bf4 Qf6 28. Qxf6 Bxf6 29.
d6 Rd8 30. Rd1 Bxb2 31. Kf3 b6 32. Ke4 Kg8 33. Kd5 Kf7 34. Re1 Ba3 35. Re7+ Kf8 36. Rxa7 Bc5 37. Ke6 g5 38. Be5 Re8+ 39. Kd5 h5 40.
Rc7 h4 41. Bf6 Bxd6 42. Kxd6 hxg3 43. Rc3 g2 44. Rg3 Re2 45. a4 Kf7 46. Bxg5 Ra2 47. Kc6 Rxa4 48. Rxg2 Rb4 49. Bf4 Rxf4 50. Kxb6 Rf6+ 51.
Kc5 Rg6 52. Rxg6 Kxg6 1/2-1/2

[Event "*** Titled Tuesday Blitz"]
[Site "Chess.com"]
[Date "2020.05.12"]
[Round "3"]
[White "OK97"]
[Black "GothamChess"]
[Result "1-0"]
[WhiteElo "2772"]
[BlackElo "2586"]
[TimeControl "180+1"]
[EndTime "10:27:13 PDT"]
[Termination "OK97 won by resignation"]

1. e4 c6 2. d4 d5 3. e5 Bf5 4. h4 Qc8 5. Nc3 h5 6. Bd3 Bxd3 7. Qxd3 e6 8. Bg5 Ne7 9. Nf3 Nf5 10. O-O c5 11. dxc5 Bxc5 12. Ne2 O-O 13. Nf4 g6 14. Rac1 Nc6 15. c4 d4 16. a3 a5 17. Rfe1 Be7 18.
g3 Bxg5 19. Nxg5 Qd7 20. Ne4 Kh8 21. Nf6 Qe7 22. Qe2 d3 23. Nxd3 Ncd4 24. Qe4 Rad8 25. Kg2 Nb3 26. Rcd1 Rd4 27. Qf3 Rxh4 28. Nf4 Nbd4 29.
Qe4 Nc6 30. gxh4 Nxh4+ 31. Kf1 Nf5 32. Rd7 Qc5 33. Nxe6 1-0

[Event "*** Titled Tuesday Blitz"]
[Site "Chess.com"]
[Date "2020.05.12"]
[Round "3"]
[White "rakshi2005"]
[Black "TheSodabread"]
[Result "1-0"]
[WhiteElo "2288"]
[BlackElo "1928"]
[TimeControl "180+1"]
[EndTime "10:27:13 PDT"]
[Termination "rakshi2005 won by resignation"]

1. e4 d6 2. d4 Nf6 3. Nc3 Nbd7 4. Bg5 e5 5. Nf3 Be7 6. Bc4 c6 7. O-O Qc7 8. Qd2 b5 9. Bd3 a5 10. dxe5 dxe5 11. Rad1 O-O 12. Ne2 Nc5 13. Bxf6 Bxf6 14.
Ng3 Rd8 15. Nh5 Nxe4 16. Nxf6+ gxf6 17. Qh6 f5 18. Bxe4 fxe4 19. Qg5+ 1-0

[Event "*** Titled Tuesday Blitz"]
[Site "Chess.com"]
[Date "2020.05.12"]
[Round "3"]
[White "Lestofante90"]
[Black "Future2700"]
[Result "1/2-1/2"]
[WhiteElo "2634"]
[BlackElo "2414"]
[TimeControl "180+1"]
[EndTime "10:27:14 PDT"]
[Termination "Game drawn by repetition"]

1. e4 c5 2. Nf3 e6 3. d4 cxd4 4. Nxd4 Nc6 5. Nc3 Qc7 6. g3 a6 7.
Bg2 Nf6 8. O-O Nxd4 9. Qxd4 Bc5 10.
Bf4 d6 11. Qd2 h6 12. Rad1 e5 13. Be3 Be6 14. Bxc5 dxc5 15. Nd5 Bxd5 16. exd5 Qd6 17. f4 O-O 18. fxe5 Qxe5 19. d6 Qxb2 20. Rb1 Qd4+ 21.
Qxd4 cxd4 22. Rfd1 Rad8 23. Rxd4 b5 24. a4 bxa4 25. c4 Nd7 26. Bc6 Nc5 27. Rd5 Ne6 28. d7 Rb8 29. Rb7 a3 30. Ra5 Nd4 31. Rxb8 Rxb8 32. Rxa6 Nxc6 33. Rxc6 a2 34. Rc8+ Kh7 35.
Rxb8 a1=Q+ 36. Kg2 Qe5 37. d8=Q Qe2+ 38. Kh3 Qe6+ 39.
Kg2 Qe2+ 40. Kg1 Qe1+ 41. Kg2 Qe2+ 1/2-1/2

[Event "*** Titled Tuesday Blitz"]
[Site "Chess.com"]
[Date "2020.05.12"]
[Round "3"]
[White "YaWaleriy"]
[Black "valeriocarnicelli"]
[Result "0-1"]
[WhiteElo "2232"]
[BlackElo "2531"]
[TimeControl "180+1"]
[EndTime "10:27:16 PDT"]
[Termination "valeriocarnicelli won by resignation"]

1. d4 d5 2. Nf3 Nf6 3. c4 c6 4. e3 e6 5. Bd3 Nbd7 6. O-O dxc4 7. Bxc4 b5 8. Bd3 Bb7 9. e4 a6 10. a4 Be7 11. Qe2 O-O 12. Nbd2 b4 13. e5 Nd5 14.
Qe4 g6 15. Qg4 c5 16. Ne4 cxd4 17. Bh6 Re8 18. Rfe1 Rc8 19. Neg5 Bf8 20. Nxf7 Kxf7 21. Ng5+ Kg8 22. Nxh7 Bxh6 23. Qxg6+ Bg7 24. Ng5 Qe7 25. Re4 Nc5 26. Rh4 Qxg5 27. Qxg5 Nxd3 28. Qh5 Nxe5 29. Qh7+ Kf8 30. Re1 Rc7 31. Rh5 Nf6 0-1

[Event "*** Titled Tuesday Blitz"]
[Site "Chess.com"]
[Date "2020.05.12"]
[Round "3"]
[White "not_najdorfs_player"]
[Black "AlanZhang"]
[Result "0-1"]
[WhiteElo "2350"]
[BlackElo "2169"]
[TimeControl "180+1"]
[EndTime "10:27:17 PDT"]
[Termination "AlanZhang won by resignation"]

1. e4 e5 2. Nf3 Nc6 3. Bb5 a6 4. Bxc6 dxc6 5. O-O f6 6. d4 exd4 7. Nxd4 Bd6 8. Nc3 Bd7 9. Qh5+ g6 10. Qh4 Qe7 11. Be3 O-O-O 12. Rfe1 h5 13. f4 Nh6 14. e5 fxe5 15. Qxe7 Bxe7 16. fxe5 Ng4 17. Bf4 Bc5 18. Rad1 Bf5 19. Ne2 Rhe8 20. Kh1 Nf2+ 21. Kg1 Nxd1 22.
Rxd1 Bxc2 23. Rd2 Be4 24. Bg5 Rd5 25. Bf4 Red8 26. Be3 Rxe5 27. Nc3 Bxg2 28. Bf2 Bh3 29. a3 Rg5+ 30. Bg3 Rxd4 31. Rxd4 Bxd4+ 32. Kh1 Rf5 0-1

[Event "*** Titled Tuesday Blitz"]
[Site "Chess.com"]
[Date "2020.05.12"]
[Round "3"]
[White "SaySpade4VIP"]
[Black "Radzio1987"]
[Result "0-1"]
[WhiteElo "2639"]
[BlackElo "2883"]
[TimeControl "180+1"]
[EndTime "10:27:18 PDT"]
[Termination "Radzio1987 won by resignation"]

1. e4 c6 2. Nc3 d5 3. Nf3 Bg4 4.
h3 Bxf3 5. Qxf3 e6 6. Be2 Nd7 7.
d4 dxe4 8. Nxe4 Ngf6 9. Nxf6+ Nxf6 10. c3 Qd5 11. Qg3 Ne4 12. Qc7 Qd7 13. Qxd7+ Kxd7 14. Bf3 Nf6 15. Bd2 a5 16. a4 Bd6 17. O-O-O Nd5 18. Kc2 h5 19. h4 g6 20. c4 Nb4+ 21. Bxb4 Bxb4 22. b3 Rad8 23. d5 cxd5 24. cxd5 e5 25.
Be2 Kd6 26. Bc4 e4 27. Bb5 Rc8+ 28. Kb2 f5 29. g3 Rc3 30. Rc1 Rhc8 31. Bc4 Rf3 32.
Rc2 Bc5 33. Rf1 Re8 34. Re2 e3 35. Kc2 Re4 36. Kd1 exf2 37. Rxe4 fxe4 38. Ke2 Rxg3 0-1

[Event "*** Titled Tuesday Blitz"]
[Site "Chess.com"]
[Date "2020.05.12"]
[Round "3"]
[White "Mikedannnn"]
[Black "FMOlexandrProhorov"]
[Result "1-0"]
[WhiteElo "2469"]
[BlackElo "2091"]
[TimeControl "180+1"]
[EndTime "10:27:18 PDT"]
[Termination "Mikedannnn won by checkmate"]

1. e4 c5 2. Nf3 e6 3. c4 Nc6 4. Nc3 a6 5. Be2 Qc7 6. O-O Nf6 7. a3 Be7 8. d4 cxd4 9. Nxd4 O-O 10. Be3 d6 11. Rc1 Nxd4 12. Qxd4 Nd7 13. b4 Ne5 14. f4 Nc6 15. Qd2 Rd8 16. Kh1 Bf6 17. Rfd1 g6 18. Nd5 exd5 19. cxd5 Bd7 20. Bf3 Rac8 21. Qf2 Qb8 22. dxc6 Bxc6 23. Ba7 Qa8 24. Bb6 Re8 25. Rxd6 Bd8 26. Bxd8 Rcxd8 27. Rxd8 Qxd8 28. e5 Bxf3 29. Qxf3 Qd2 30. Rf1 Rc8 31. f5 Rc1 32. e6 Rxf1+ 33. Qxf1 fxe6 34. fxe6 Qe3 35. Qf7+ Kh8 36.
Qf8# 1-0

[Event "*** Titled Tuesday Blitz"]
[Site "Chess.com"]
[Date "2020.05.12"]
[Round "3"]
[White "DinaBelenkaya"]
[Black "manmanlai1"]
[Result "1-0"]
[WhiteElo "2117"]
[BlackElo "2322"]
[TimeControl "180+1"]
[EndTime "10:27:18 PDT"]
[Termination "DinaBelenkaya won by resignation"]

1. e4 c6 2. d4 d5 3. Nc3 dxe4 4. Nxe4 Nf6 5. Nxf6+ exf6 6. c3 Bd6 7. Bd3 O-O 8. Ne2 Qc7 9. Qc2 h5 10. h3 Re8 11. Be3 Nd7 12. O-O Nf8 13. Rae1 Be6 14. b3 Rad8 15. c4 Qc8 16. Nc3 Bb8 17. f4 Qc7 18. Kh1 Bc8 19. Bg1 Ne6 20. Qe2 g6 21.
f5 Nxd4 22. Qxe8+ Rxe8 23. Rxe8+ Kg7 24. fxg6 Bxh3 25. Rxb8 Qxb8 26. Bxd4 Qg3 27. Bxf6+ Kf8 28. Be4 Be6 29. g7+ Kg8 30. Rd1 1-0

[Event "*** Titled Tuesday Blitz"]
[Site "Chess.com"]
[Date "2020.05.12"]
[Round "3"]
[White "grandemestregringo"]
[Black "SamuelGhimpu2003"]
[Result "0-1"]
[WhiteElo "2456"]
[BlackElo "2711"]
[TimeControl "180+1"]
[EndTime "10:27:19 PDT"]
[Termination "SamuelGhimpu2003 won by resignation"]

1. d4 Nf6 2. c4 g6 3. Nf3 Bg7 4. Nc3 d5 5. cxd5 Nxd5 6. Bd2 O-O 7. e4 Nb6 8. Be2 Bg4 9. Be3 Bxf3 10. gxf3 e5 11.
dxe5 Nc6 12. Qxd8 Raxd8 13. f4 g5 14. fxg5 Nxe5 15. f4 Nec4 16. Bxb6 Nxb2 17. Ba5 b6 18. e5 bxa5 19. Kf2 Rd4 20. Ke3 Rfd8 21. Rab1 Nd3 22. Rhd1 Nb4 23. Rb2 c5 24. a3 Nc6 25. Bf3 Ne7 26.
Be4 Rxd1 27. Nxd1 Rxd1 28. Rb8+ Bf8 29. f5 Rg1 30. h4 Rf1 31. f6 Ng6 32. Re8 Re1+ 33.
Kd3 Nf4+ 0-1

[Event "*** Titled Tuesday Blitz"]
[Site "Chess.com"]
[Date "2020.05.12"]
[Round "3"]
[White "VincentKeymer"]
[Black "MasterKroket"]
[Result "1-0"]
[WhiteElo "2710"]
[BlackElo "2438"]
[TimeControl "180+1"]
[EndTime "10:27:19 PDT"]
[Termination "VincentKeymer won on time"]

1. Nf3 Nf6 2. c4 e6 3. Nc3 d5 4. e3 Be7 5. b3 O-O 6. Bb2 c5 7. cxd5 Nxd5 8. Qc2 Nxc3 9. Bxc3 Nc6 10. h4 Nb4 11.
Bxb4 cxb4 12. d4 Bd7 13. Bd3 h6 14. Ne5 Rc8 15. Qe2 Bd6 16. Nc4 Bb8 17. Rd1 Bc6 18. Qg4 f5 19. Qh3 Qf6 20. O-O f4 21. Qg4 f3 22. g3 Rce8 23. Be4 Bd5 24. Nd2 Bxe4 25.
Nxe4 Qf7 26. Rd2 Rc8 27. Rfd1 Rfd8 28. Rd3 Qf5 29. Qxf5 exf5 30. Nd2 Rc3 31. Nxf3 Rdc8 32. d5 Bd6 33. Nd4 g6 34. h5 Rxd3 35. Rxd3 Rc1+ 36. Kg2 Be5 37. hxg6 1-0

[Event "*** Titled Tuesday Blitz"]
[Site "Chess.com"]
[Date "2020.05.12"]
[Round "3"]
[White "jerry_77"]
[Black "Antipov_Mikhail_Al"]
[Result "0-1"]
[WhiteElo "2455"]
[BlackElo "2868"]
[TimeControl "180+1"]
[EndTime "10:27:19 PDT"]
[Termination "Antipov_Mikhail_Al won on time"]

1. e4 e5 2. Nf3 Nc6 3. Bb5 f5 4. d3 Nf6 5. Nc3 Bc5 6. O-O d6 7. Bg5 O-O 8. Bc4+ Kh8 9. a3 a6 10. b4 Ba7 11. h3 f4 12. Kh1 Nd4 13. Rb1 c6 14. Nxd4 Bxd4 15. Ne2 Bb6 16. Ng1 h6 17. Bxf6 Qxf6 18. Qh5 Kh7 19. Qe2 Bd7 20. Nf3 g5 21. Nh2 Qg6 22. a4 h5 23. b5 cxb5 24. axb5 a5 25.
Bd5 g4 26. Bxb7 Ra7 27. Bc6 Bc8 28. c3 Rg7 29. Rg1 Qg5 30. d4 Rf6 0-1

[Event "*** Titled Tuesday Blitz"]
[Site "Chess.com"]
[Date "2020.05.12"]
[Round "3"]
[White "ValeriyGrinev"]
[Black "alexsergeyev"]
[Result "1/2-1/2"]
[WhiteElo "2538"]
[BlackElo "2359"]
[TimeControl "180+1"]
[EndTime "10:27:19 PDT"]
[Termination "Game drawn by repetition"]

1. d4 d5 2. c4 c6 3. Nf3 Nf6 4. Nc3 dxc4 5. a4 Bg4 6. Ne5 Bh5 7. f3 Nfd7 8. Nxc4 e5 9. Nxe5 Nxe5 10. dxe5 Nd7 11.
e6 fxe6 12. g3 Bb4 13. Bh3 Qe7 14. O-O a5 15. Ne4 O-O 16. Bg5 Nf6 17. Qb3 Bf7 18. Rad1 Rad8 19. Kg2 Rd5 20. Bh4 Rfd8 21. Ng5 e5 22.
Nxf7 Qxf7 23. Rxd5 Rxd5 24. Rd1 h6 25. Bxf6 gxf6 26. Bf5 Kg7 27. Be4 Rd2 28. Qxf7+ Kxf7 29. Rxd2 Bxd2 30. Kh3 Ke6 31. Kg4 Bc1 32. b3 Be3 33.
Bf5+ Kf7 34. Kh5 b5 35. Be4 bxa4 36. bxa4 c5 37. Bd5+ Kg7 38. Kg4 Kg6 39. Be4+ Kf7 40. Bd5+ Kg6 41. Be4+ Kf7 42. Bd5+ Kg6 1/2-1/2

[Event "*** Titled Tuesday Blitz"]
[Site "Chess.com"]
[Date "2020.05.12"]
[Round "3"]
[White "damayito"]
[Black "Kavyev_Ruslan"]
[Result "0-1"]
[WhiteElo "1589"]
[BlackElo "2461"]
[TimeControl "180+1"]
[EndTime "10:27:19 PDT"]
[Termination "Kavyev_Ruslan won on time"]

1. e4 c5 2. Nc3 d6 3. g3 g6 4. Bg2 Bg7 5. Nf3 Nc6 6. d3 e6 7.
O-O Nge7 8. Bg5 O-O 9. Qc1 Nd4 10. Nxd4 cxd4 11. Ne2 e5 12. Bh6 f6 13. Bxg7 Kxg7 14. f4 Be6 15. a3 Bf7 16. Rb1 Rc8 17. Kh1 Qd7 18. Ng1 d5 19. Bh3 Be6 20. Bg2 dxe4 21. Bxe4 Qc7 22. Rf2 b6 23. Qd2 Nd5 24. Rc1 exf4 25.
gxf4 f5 26. Bg2 Ne3 27. Nf3 Qxf4 28. c3 Nxg2 29. Qxf4 Nxf4 30. Nxd4 Nxd3 31. Nxe6+ Kf6 32. Nxf8 Nxf2+ 33. Kg2 Nd3 34. Nd7+ Ke7 35. Rd1 Nxb2 36. Rd2 Nc4 37. Rd4 Ne3+ 0-1

[Event "*** Titled Tuesday Blitz"]
[Site "Chess.com"]
[Date "2020.05.12"]
[Round "3"]
[White "Gerodot71"]
[Black "L_lorenzo"]
[Result "0-1"]
[WhiteElo "2208"]
[BlackElo "2218"]
[TimeControl "180+1"]
[EndTime "10:27:20 PDT"]
[Termination "L_lorenzo won by resignation"]

1. d4 Nf6 2. c4 d6 3. Nc3 Nbd7 4. e4 e5 5. Nf3 Be7 6. Be2 O-O 7. O-O Re8 8. b3 c6 9. Bb2 Qc7 10. Re1 a6 11. Rc1 Bf8 12. Bf1 Qb8 13. d5 c5 14. Nh4 g6 15. g3 Bg7 16. a4 Qc7 17. Bg2 Rb8 18. Qd2 Nf8 19. f4 exf4 20. gxf4 Ng4 21.
Nf3 h6 22. h3 Nf6 23. e5 N6d7 24. exd6 Rxe1+ 25. Rxe1 Qxd6 26. Ne4 Qb6 27. Bxg7 Kxg7 28. Qc3+ Kg8 29. Ne5 Qb4 30. Qb2 Qxe1+ 31. Kh2 Nh7 32. Ng4 Qh4 33. Qe2 Ndf6 34. Nexf6+ Nxf6 35. Ne5 Bf5 36. d6 Rd8 37. Qd2 Ng4+ 38. Nxg4 Bxg4 39. Qd5 Be6 40. Qe5 Qf2 0-1

[Event "*** Titled Tuesday Blitz"]
[Site "Chess.com"]
[Date "2020.05.12"]
[Round "3"]
[White "Bubar"]
[Black "AthanasiusLefebvre"]
[Result "1-0"]
[WhiteElo "2332"]
[BlackElo "2076"]
[TimeControl "180+1"]
[EndTime "10:27:20 PDT"]
[Termination "Bubar won by resignation"]

1. d4 d6 2. Nf3 Nf6 3. c4 g6 4. Nc3 Bg7 5. Bg5 O-O 6. e3 c5 7. Be2 cxd4 8. exd4 Nc6 9. O-O e5 10. dxe5 dxe5 11. Nd5 Be6 12. Bxf6 Bxf6 13. Qb3 Nd4 14.
Nxd4 exd4 15. Bf3 Bxd5 16. Bxd5 Rb8 17. Rad1 Qd6 18. Rd3 b6 19. Rf3 Kg7 20. Qd3 b5 21. b3 bxc4 22. Bxc4 Rb7 23. g3 Re7 24. Kg2 h5 25. h4 Re5 26. Rd1 Ra5 27. a4 Re8 28.
Bb5 Re7 29. Rc1 a6 30. Rc6 Qd5 31. Rxa6 Rxa6 32. Bxa6 Re1 33. Bc4 Qc6 34. a5 Rc1 35. a6 Rc3 36. Qe2 d3 37. Bxd3 Rxb3 38. a7 Rb2 39.
Qe4 Qb6 40. a8=Q 1-0

[Event "*** Titled Tuesday Blitz"]
[Site "Chess.com"]
[Date "2020.05.12"]
[Round "3"]
[White "mbachez"]
[Black "GoValya"]
[Result "1-0"]
[WhiteElo "2478"]
[BlackElo "2175"]
[TimeControl "180+1"]
[EndTime "10:27:21 PDT"]
[Termination "mbachez won by resignation"]

1. e4 e6 2. d4 d5 3. Bd3 Be7 4. e5 c5 5. c3 Nc6 6. Nf3 Nh6 7.
O-O cxd4 8. Bxh6 gxh6 9. cxd4 Bd7 10. Nc3 Qb6 11. Na4 Qb4 12. a3 Qa5 13. b4 Qd8 14.
Nc5 Bxc5 15. dxc5 Qc7 16. Re1 Ke7 17. Qd2 Rag8 18. Qxh6 Ke8 19. Rad1 Ne7 20. Nd4 Rg4 21. Be2 Rg6 22. Qf4 Rhg8 23. g3 Rg5 24. h4 Rxe5 25. Nb5 Qb8 26. Nd6+ Kd8 27. Qxe5 Ng6 28. Nxf7+ Ke7 29.
Qxb8 Rxb8 30. Ng5 e5 31. Bh5 Kf6 32. Bxg6 hxg6 33. Rxd5 Bc6 34. Rdxe5 1-0

[Event "*** Titled Tuesday Blitz"]
[Site "Chess.com"]
[Date "2020.05.12"]
[Round "3"]
[White "bmt011"]
[Black "Saloni1299"]
[Result "1/2-1/2"]
[WhiteElo "2053"]
[BlackElo "2307"]
[TimeControl "180+1"]
[EndTime "10:27:21 PDT"]
[Termination "Game drawn - insufficient material"]

1. d4 Nf6 2. Bf4 g6 3. f3 d6 4. e4 Bg7 5. Qd2 O-O 6. Nc3 c5 7. dxc5 dxc5 8. Qxd8 Rxd8 9. Rd1 Rxd1+ 10. Kxd1 Nc6 11.
Bc4 a6 12. Nge2 b5 13. Bd5 Nxd5 14. Nxd5 Be6 15. c3 Bxd5 16. exd5 Rd8 17. d6 e5 18.
Be3 Rxd6+ 19. Kc2 c4 20. Rd1 Rxd1 21. Kxd1 f5 22. Bb6 Kf7 23. g4 Ke6 24. Ng3 Bf8 25. Ke2 Be7 26. h3 b4 27. Kd2 Bh4 28. Nf1 e4 29. fxe4 fxe4 30. Ke3 Kd5 31. Kf4 h6 32. Ne3+ Ke6 33. Nxc4 bxc3 34. bxc3 Kd5 35. Ne3+ Ke6 36. Kxe4 Ne5 37. c4 Bf2 38. a4 Bxe3 39. Bxe3 Nxc4 40. Bxh6 Nb6 41. a5 Nc4 42. Kf4 Nxa5 43. Kg5 Kf7 44.
h4 Nc4 45. h5 Ne5 46. Kf4 Nxg4 47. Kxg4 gxh5+ 48. Kxh5 Ke6 49. Kg4 Kd5 50. Kf3 Kc4 51. Ke2 Kb3 52. Kd1 Kb2 53. Bg7+ Kb1 54. Bc3 a5 55. Bxa5 1/2-1/2

[Event "*** Titled Tuesday Blitz"]
[Site "Chess.com"]
[Date "2020.05.12"]
[Round "3"]
[White "Quiet_Desperation"]
[Black "nitpicker"]
[Result "1-0"]
[WhiteElo "1894"]
[BlackElo "2240"]
[TimeControl "180+1"]
[EndTime "10:27:22 PDT"]
[Termination "Quiet_Desperation won by resignation"]

1. e4 c5 2. d4 cxd4 3. c3 d5 4. exd5 Qxd5 5. cxd4 Nf6 6. Nc3 Qd6 7. Nf3 a6 8. Bc4 e6 9. O-O Be7 10. Ne5 O-O 11.
Bf4 Qd8 12. Re1 b5 13. Bb3 Bb7 14. a3 Nc6 15. Nxc6 Bxc6 16. Rc1 Rc8 17. Be5 Re8 18.
Re3 Qb6 19. Rg3 Qb7 20. Qd2 Kh8 21. Rxg7 Kxg7 22. Qg5+ Kf8 23. Qh6+ Kg8 24. Re1 Bxg2 25. Re3 Bf3 26. d5 Bg4 27. Rg3 Rxc3 28. Rxg4+ 1-0